Sénateurs vs Bruins
Created - 2 décembre 2013 at 18:57
Goals
|
| Sénateurs |
0 |
0 |
4 |
4 |
| Bruins |
1 |
2 |
3 |
6 |
|
Shots
|
| Sénateurs |
10 |
4 |
12 |
26 |
| Bruins |
13 |
9 |
12 |
34 |
|
1st period
1. Bruins , Eric Lindros 16 (Andrew Alberts) at 1:47 (PP)
Penalties :
Jay McKee (Ott) for Roughing (Minor) at 0:05, Andrew Alberts (Bos) for Cross-checking (Minor) at 10:40, Nikita Alexeev (Ott) for Holding (Minor) at 14:19, Eric Lindros (Bos) for Hooking (Minor) at 19:14
2nd period
2. Bruins , Éric Perrin 1 (Vitali Yachmenev, Mark Stuart) at 10:35
3. Bruins , Andrew Alberts 3 (Zdeno Chara, Wojtek Wolski) at 11:29 (PP)
Penalties :
Scott Hartnell (Bos) for Tripping (Minor) at 4:07, Daymond Langkow (Ott) for Holding (Minor) at 4:07, Paul Gaustad (Ott) for High sticking (Minor) at 11:15, Eric Lindros (Bos) for Hooking (Minor) at 11:40, Andy McDonald (Ott) for Tripping (Minor) at 15:12, Jeff Carter (Bos) for Tripping (Minor) at 17:39
3rd period
4. Sénateurs , Jay McKee 3 (Daymond Langkow, Andy McDonald) at 0:48
5. Bruins , Daniel Briere 15 (Wojtek Wolski, Eric Lindros) at 1:48 (PP)
6. Bruins , Eric Lindros 17 (Dave Bolland) at 3:11
7. Sénateurs , Daymond Langkow 14 (Andy McDonald, Todd Bertuzzi) at 8:47
8. Sénateurs , Daymond Langkow 15 (Todd Bertuzzi, Andy McDonald) at 11:23
9. Bruins , Jeff Carter 8 (Ryan O'Byrne, Evgeni Nabokov) at 13:56
10. Sénateurs , Daymond Langkow 16 (Andy McDonald) at 15:05 (PP)
Penalties :
Richard Jackman (Ott) for Interference (Minor) at 1:20, Vitaly Vishnevsky (Ott) for Hooking (Minor) at 4:44, Eric Lindros (Bos) for High sticking (Minor) at 11:24, Daymond Langkow (Ott) for Hooking (Minor) at 11:24, Eric Lindros (Bos) for High sticking (Minor) at 14:57
Goalie Stats
Jonas Hiller (Ott), 28 saves from 34 shots - (0,824), L, 10-6-1, 60:00 minutes
Evgeni Nabokov (Bos), 22 saves from 26 shots - (0,846), W, 14-4-0, 60:00 minutes
Players Stats for Sénateurs
Player Name G A P +/- PIM S H SB GA TA FO MP PP MP PK MP
------------------------------------------------------------------------------------
Andy McDonald 0 4 4 3 2 3 0 1 0 0 0/1 18:16 4:23 0:38
Chris Kelly 0 0 0 -2 0 1 1 0 0 1 2/5 11:46 0:00 2:32
Dan Girardi 0 0 0 -1 0 1 0 1 0 1 0/0 14:12 0:00 2:20
Dan Hinote 0 0 0 -1 0 0 1 0 0 0 0/0 6:33 0:00 0:00
Daymond Langkow 3 1 4 3 4 5 3 2 0 0 15/26 21:24 4:23 4:43
Jay McKee 1 0 1 2 2 1 0 3 0 1 0/0 26:51 4:42 4:36
Keith Ballard 0 0 0 -1 0 0 0 0 0 0 0/0 11:52 0:00 0:00
Nikita Alexeev 0 0 0 0 2 3 1 0 0 0 0/0 15:27 3:41 0:00
Paul Gaustad 0 0 0 0 2 1 1 0 0 0 8/13 18:01 3:41 2:28
Ray Whitney 0 0 0 -2 0 2 1 0 0 1 0/0 13:18 3:41 0:32
Richard Jackman 0 0 0 -1 2 0 2 1 1 0 0/0 20:20 3:22 2:50
Sami Kapanen 0 0 0 -2 0 3 0 0 0 0 0/1 10:25 0:00 0:00
Sami Salo 0 0 0 -1 0 2 0 2 0 0 0/0 20:21 3:22 2:50
Sean Avery 0 0 0 0 0 0 2 0 0 1 0/0 13:53 0:00 1:06
Todd Bertuzzi 0 2 2 3 0 1 1 0 0 0 4/13 23:30 4:23 4:43
Travis Moen 0 0 0 -1 0 1 1 0 0 0 0/0 6:33 0:00 0:00
Vernon Fiddler 0 0 0 -1 0 2 0 0 0 0 2/3 8:09 0:00 0:00
Vitaly Vishnevsky 0 0 0 2 2 0 1 2 2 0 0/0 26:42 4:42 4:06
Players Stats for Bruins
Player Name G A P +/- PIM S H SB GA TA FO MP PP MP PK MP
------------------------------------------------------------------------------------
Andrew Alberts 1 1 2 -1 2 6 0 1 0 0 0/0 27:35 4:50 3:28
Christoph Schubert 0 0 0 1 0 1 0 0 0 0 0/0 20:24 3:31 3:25
Daniel Briere 1 0 1 -1 0 6 2 1 0 0 2/2 19:30 4:53 1:45
Dave Bolland 0 1 1 1 0 1 2 0 0 0 2/3 6:41 0:00 1:34
Eric Lindros 2 1 3 0 8 5 2 0 1 0 18/34 24:29 5:02 1:59
Éric Perrin 1 0 1 0 0 1 0 0 0 0 3/5 9:43 0:00 0:00
Jason Gregoire 0 0 0 0 0 0 0 0 0 0 0/0 0:00 0:00 0:00
Jeff Carter 1 0 1 0 2 2 1 0 0 0 5/11 15:52 3:19 0:00
Mark Stuart 0 1 1 0 0 1 0 2 0 0 0/0 11:19 0:00 1:11
Martin Erat 0 0 0 1 0 0 0 0 0 0 1/4 8:32 0:00 2:46
Michal Grosek 0 0 0 0 0 0 0 0 3 0 0/0 13:54 0:09 1:45
Richard Lintner 0 0 0 0 0 0 0 3 0 0 0/0 10:05 0:00 0:00
Ryan O'Byrne 0 1 1 1 0 1 1 3 0 1 0/0 21:08 3:31 3:25
Scott Hartnell 0 0 0 0 2 5 2 0 0 0 0/0 18:23 3:19 1:45
Victor Oreskovich 0 0 0 0 0 1 1 0 1 0 0/1 15:46 3:19 0:00
Vitali Yachmenev 0 1 1 0 0 0 3 0 0 0 0/1 11:17 0:09 0:00
Wojtek Wolski 0 2 2 -1 0 2 2 0 0 0 0/1 23:42 4:53 4:34
Zdeno Chara 0 1 1 -1 0 2 3 2 0 2 0/0 29:31 4:50 4:39
3 Stars
1 - Daymond Langkow (Ott)
2 - Andy McDonald (Ott)
3 - Todd Bertuzzi (Ott)
Power Play
Sénateurs - 1 on 5 Attempt(s) - 20,00%
Bruins - 3 on 6 Attempt(s) - 50,00%
Penalty Kill
Sénateurs - 3 on 6 Attempt(s) - 50,00%
- Score 0 goal in Penalty Kill
Bruins - 4 on 5 Attempt(s) - 80,00%
- Score 0 goal in Penalty Kill
Official
Referees : Walsh Ian and Charron Francis
Linesman : Scott Driscoll and Mark Wheler
Game Notes
11:23 of 3rd period - Sénateurs goal is going for a video replay. After video review, Goal.
Daymond Langkow has scored a Hat Trick!
Finance
Level 1 -- Attendance: 3922 (65,37%) -- Ticket Income 388 278 $
Level 2 -- Attendance: 3436 (68,72%) -- Ticket Income 202 724 $
Level 3 -- Attendance: 1920 (96,00%) -- Ticket Income 55 680 $
Level 4 -- Attendance: 4000 (100,00%) -- Ticket Income 76 000 $
Luxury Box -- Attendance: 731 (73,10%) -- Ticket Income 138 159 $
Game was played at the TD Banknorth Garden
Total Attendance: 14009 (77,83%)
Total Ticket Income: 860 841 $
Other Income: 129 126 $
Total Income: 989 967 $
Sénateurs
5 vs 5 Forward
Center Left Wing Right Wing Time % Phy DF OF
1 Daymond Langkow Andy McDonald Todd Bertuzzi 40 1 2 2
2 Paul Gaustad Sean Avery Nikita Alexeev 30 1 2 2
3 Chris Kelly Ray Whitney Sami Kapanen 20 1 2 2
4 Vernon Fiddler Travis Moen Dan Hinote 10 1 2 2
5 vs 5 Defense
Defense Defense Time % Phy DF OF
1 Vitaly Vishnevsky Jay McKee 40 1 2 2
2 Sami Salo Richard Jackman 30 1 2 2
3 Keith Ballard Dan Girardi 20 1 2 2
4 Vitaly Vishnevsky Jay McKee 10 1 2 2
PowerPlay Forward
Center Left Wing Right Wing Time % Phy DF OF
1 Daymond Langkow Andy McDonald Todd Bertuzzi 60 1 2 2
2 Paul Gaustad Ray Whitney Nikita Alexeev 40 1 2 2
PowerPlay Defense
Defense Defense Time % Phy DF OF
1 Vitaly Vishnevsky Jay McKee 60 1 2 2
2 Sami Salo Richard Jackman 40 1 2 2
Penalty Kill 4 Players Forward
Center Wing Time % Phy DF OF
1 Todd Bertuzzi Daymond Langkow 60 1 2 2
2 Paul Gaustad Chris Kelly 40 1 2 2
Penalty Kill 4 Players Defense
Defense Defense Time % Phy DF OF
1 Vitaly Vishnevsky Jay McKee 60 1 2 2
2 Sami Salo Richard Jackman 40 1 2 2
Penalty Kill - 3 Players Forward
Forward Time % Phy DF OF
1 Todd Bertuzzi 60 1 2 2
2 Daymond Langkow 40 1 2 2
Penalty Kill - 3 Players Defense
Defense Defense Time % Phy DF OF
1 Vitaly Vishnevsky Jay McKee 60 1 2 2
2 Sami Salo Richard Jackman 40 1 2 2
4 vs 4 Forward
Center Wing Time % Phy DF OF
1 Todd Bertuzzi Daymond Langkow 60 1 2 2
2 Paul Gaustad Chris Kelly 40 1 2 2
4 vs 4 Defense
Defense Defense Time % Phy DF OF
1 Vitaly Vishnevsky Jay McKee 60 1 2 2
2 Sami Salo Richard Jackman 40 1 2 2
Last Minutes Offensive
Center Left Wing Right Wing Defense Defense
Daymond Langkow Andy McDonald Todd Bertuzzi Vitaly Vishnevsky Jay McKee
Last Minutes Defensive
Center Left Wing Right Wing Defense Defense
Daymond Langkow Andy McDonald Todd Bertuzzi Vitaly Vishnevsky Jay McKee
Goaltenders
Starting : Jonas Hiller
Backup : Maxime Ouellet
Extra Forwards
Normal : Vernon Fiddler, Sami Kapanen, Sean Avery - PP : Vernon Fiddler, Sami Kapanen - PK : Sean Avery
Extra Defensemen
Normal : Dan Girardi, Sami Salo, Keith Ballard - PP : Dan Girardi - PK : Dan Girardi, Sami Salo
Penalty Shots
Todd Bertuzzi, Daymond Langkow, Paul Gaustad, Chris Kelly, Andy McDonald
Bruins
5 vs 5 Forward
Center Left Wing Right Wing Time % Phy DF OF
1 Eric Lindros Wojtek Wolski Daniel Briere 40 1 2 2
2 Jeff Carter Scott Hartnell Victor Oreskovich 30 1 2 2
3 Éric Perrin Michal Grosek Vitali Yachmenev 20 1 2 2
4 Dave Bolland Eric Lindros Martin Erat 10 1 2 2
5 vs 5 Defense
Defense Defense Time % Phy DF OF
1 Zdeno Chara Andrew Alberts 40 1 2 2
2 Ryan O'Byrne Christoph Schubert 30 1 2 2
3 Richard Lintner Mark Stuart 20 1 2 2
4 Ryan O'Byrne Zdeno Chara 10 1 2 2
PowerPlay Forward
Center Left Wing Right Wing Time % Phy DF OF
1 Eric Lindros Wojtek Wolski Daniel Briere 60 1 2 2
2 Jeff Carter Scott Hartnell Victor Oreskovich 40 1 2 2
PowerPlay Defense
Defense Defense Time % Phy DF OF
1 Zdeno Chara Andrew Alberts 60 1 2 2
2 Ryan O'Byrne Christoph Schubert 40 1 2 2
Penalty Kill 4 Players Forward
Center Wing Time % Phy DF OF
1 Eric Lindros Wojtek Wolski 60 1 2 2
2 Daniel Briere Scott Hartnell 40 1 2 2
Penalty Kill 4 Players Defense
Defense Defense Time % Phy DF OF
1 Zdeno Chara Andrew Alberts 60 1 2 2
2 Ryan O'Byrne Christoph Schubert 40 1 2 2
Penalty Kill - 3 Players Forward
Forward Time % Phy DF OF
1 Eric Lindros 60 1 2 2
2 Wojtek Wolski 40 1 2 2
Penalty Kill - 3 Players Defense
Defense Defense Time % Phy DF OF
1 Zdeno Chara Andrew Alberts 60 1 2 2
2 Ryan O'Byrne Christoph Schubert 40 1 2 2
4 vs 4 Forward
Center Wing Time % Phy DF OF
1 Eric Lindros Wojtek Wolski 60 1 2 2
2 Daniel Briere Scott Hartnell 40 1 2 2
4 vs 4 Defense
Defense Defense Time % Phy DF OF
1 Zdeno Chara Andrew Alberts 60 1 2 2
2 Ryan O'Byrne Christoph Schubert 40 1 2 2
Last Minutes Offensive
Center Left Wing Right Wing Defense Defense
Eric Lindros Wojtek Wolski Daniel Briere Zdeno Chara Andrew Alberts
Last Minutes Defensive
Center Left Wing Right Wing Defense Defense
Eric Lindros Wojtek Wolski Daniel Briere Zdeno Chara Andrew Alberts
Goaltenders
Starting : Evgeni Nabokov
Backup : Dan Cloutier
Extra Forwards
Normal : Vitali Yachmenev, Michal Grosek, Martin Erat - PP : Vitali Yachmenev, Michal Grosek - PK : Martin Erat
Extra Defensemen
Normal : Richard Lintner, Mark Stuart, Ryan O'Byrne - PP : Richard Lintner - PK : Mark Stuart, Ryan O'Byrne
Penalty Shots
Eric Lindros, Wojtek Wolski, Daniel Briere, Scott Hartnell, Jeff Carter
% Time on Ice - Sénateurs
Lines # - Real PCT - Wanted PCT - Time Play
Normal Forward
1 - 31% - 40% - 12:17
2 - 30% - 30% - 11:50
3 - 23% - 20% - 8:57
4 - 17% - 10% - 6:33
Normal Defense
1 - 37% - 40% - 14:36
2 - 32% - 30% - 12:42
3 - 30% - 20% - 11:52
4 - 1% - 10% - 0:27
PP Forward
1 - 54% - 60% - 4:23
2 - 46% - 40% - 3:41
PP Defense
1 - 58% - 60% - 4:42
2 - 42% - 40% - 3:22
PK Forward
1 - 70% - 60% - 5:53
2 - 30% - 40% - 2:28
PK Defense
1 - 66% - 60% - 5:31
2 - 34% - 40% - 2:50
PK3 Forward
1 - 0% - 60%
2 - 0% - 40%
PK3 Defense
1 - 0% - 60%
2 - 0% - 40%
44 Forward
1 - 99% - 60% - 3:55
2 - 1% - 40% - 0:03
44 Defense
1 - 63% - 60% - 2:31
2 - 37% - 40% - 1:27
Last Minute Offensive - 0:00
Last Minute Defensive - 0:00
Total
Forward - 60:00
Defense - 60:00
|
% Time on Ice - Bruins
Lines # - Real PCT - Wanted PCT - Time Play
Normal Forward
1 - 32% - 40% - 12:33
2 - 32% - 30% - 12:37
3 - 25% - 20% - 9:43
4 - 12% - 10% - 4:44
Normal Defense
1 - 42% - 40% - 16:47
2 - 30% - 30% - 12:01
3 - 25% - 20% - 10:05
4 - 2% - 10% - 0:44
PP Forward
1 - 60% - 60% - 5:02
2 - 40% - 40% - 3:19
PP Defense
1 - 58% - 60% - 4:50
2 - 42% - 40% - 3:31
PK Forward
1 - 78% - 60% - 6:19
2 - 22% - 40% - 1:45
PK Defense
1 - 63% - 60% - 5:07
2 - 37% - 40% - 2:57
PK3 Forward
1 - 0% - 60%
2 - 0% - 40%
PK3 Defense
1 - 0% - 60%
2 - 0% - 40%
44 Forward
1 - 82% - 60% - 3:15
2 - 18% - 40% - 0:43
44 Defense
1 - 63% - 60% - 2:31
2 - 37% - 40% - 1:27
Last Minute Offensive - 0:00
Last Minute Defensive - 0:00
Total
Forward - 60:00
Defense - 60:00
|
Play by Play
1st period
0:01 of 1st period - Eric Lindros wins face-off versus Todd Bertuzzi in neutral zone.
0:05 of 1st period - Minor Penalty to Jay McKee for Roughing.
0:06 of 1st period - Eric Lindros wins face-off versus Todd Bertuzzi in Sénateurs zone.
0:15 of 1st period - Snap shot by Wojtek Wolski.
0:15 of 1st period - Shot Blocked by Daymond Langkow.
0:19 of 1st period - Slapshot by Eric Lindros.
0:19 of 1st period - Shot Misses the Net.
0:21 of 1st period - Slapshot by Zdeno Chara.
0:21 of 1st period - Stopped by Jonas Hiller without a rebound.
0:22 of 1st period - Paul Gaustad wins face-off versus Jeff Carter in Sénateurs zone.
0:22 of 1st period - Paul Gaustad is hit by Jeff Carter.
0:32 of 1st period - Backhand shot by Scott Hartnell.
0:32 of 1st period - Shot Misses the Net.
0:34 of 1st period - Snap shot by Ryan O'Byrne.
0:34 of 1st period - Shot Misses the Net.
0:36 of 1st period - Slapshot by Ryan O'Byrne.
0:36 of 1st period - Shot Blocked by Richard Jackman.
0:38 of 1st period - Snap shot by Scott Hartnell.
0:38 of 1st period - Shot Misses the Net.
0:48 of 1st period - Ryan O'Byrne is hit by Richard Jackman and loses puck.
0:57 of 1st period - Snap shot by Daniel Briere.
0:57 of 1st period - Stopped by Jonas Hiller without a rebound.
0:58 of 1st period - Jeff Carter wins face-off versus Todd Bertuzzi in Sénateurs zone.
1:01 of 1st period - Snap shot by Scott Hartnell.
1:01 of 1st period - Shot Misses the Net.
1:47 of 1st period - Slapshot by Eric Lindros.
1:47 of 1st period - Goal by Eric Lindros - Sénateurs : 0 - Bruins : 1.
1:48 of 1st period - Eric Lindros wins face-off versus Daymond Langkow in neutral zone.
2:01 of 1st period - Snap shot by Daniel Briere.
2:01 of 1st period - Stopped by Jonas Hiller with a rebound.
2:03 of 1st period - Slapshot by Christoph Schubert.
2:03 of 1st period - Shot Blocked by Vitaly Vishnevsky.
2:05 of 1st period - Slapshot by Ryan O'Byrne.
2:05 of 1st period - Shot Blocked by Vitaly Vishnevsky.
2:40 of 1st period - Snap shot by Eric Lindros.
2:40 of 1st period - Stopped by Jonas Hiller without a rebound.
2:41 of 1st period - Dave Bolland wins face-off versus Daymond Langkow in Sénateurs zone.
3:22 of 1st period - Snap shot by Jeff Carter.
3:22 of 1st period - Stopped by Jonas Hiller with a rebound.
3:36 of 1st period - Wrist shot by Sami Kapanen.
3:36 of 1st period - Stopped by Evgeni Nabokov without a rebound.
3:37 of 1st period - Eric Lindros wins face-off versus Chris Kelly in Bruins zone.
4:02 of 1st period - Victor Oreskovich is hit by Daymond Langkow and loses puck.
4:11 of 1st period - Snap shot by Todd Bertuzzi.
4:11 of 1st period - Shot Misses the Net.
4:29 of 1st period - Michal Grosek is hit by Paul Gaustad and loses puck.
4:40 of 1st period - Wrist shot by Nikita Alexeev.
4:40 of 1st period - Stopped by Evgeni Nabokov without a rebound.
4:41 of 1st period - Vernon Fiddler wins face-off versus Eric Lindros in Bruins zone.
5:12 of 1st period - Off-side.
5:13 of 1st period - Jeff Carter wins face-off versus Daymond Langkow in neutral zone.
5:34 of 1st period - Wrist shot by Jeff Carter.
5:34 of 1st period - Shot Blocked by Jay McKee.
5:36 of 1st period - Snap shot by Scott Hartnell.
5:36 of 1st period - Stopped by Jonas Hiller with a rebound.
5:46 of 1st period - Wrist shot by Scott Hartnell.
5:46 of 1st period - Stopped by Jonas Hiller with a rebound.
5:48 of 1st period - Snap shot by Jeff Carter.
5:48 of 1st period - Shot Blocked by Jay McKee.
5:50 of 1st period - Slapshot by Mark Stuart.
5:50 of 1st period - Stopped by Jonas Hiller with a rebound.
5:52 of 1st period - Snap shot by Scott Hartnell.
5:52 of 1st period - Stopped by Jonas Hiller without a rebound.
5:53 of 1st period - Paul Gaustad wins face-off versus Eric Lindros in Sénateurs zone.
6:08 of 1st period - Slapshot by Eric Lindros.
6:08 of 1st period - Shot Misses the Net.
6:27 of 1st period - Snap shot by Sami Kapanen.
6:27 of 1st period - Shot Misses the Net.
6:43 of 1st period - Richard Lintner is hit by Travis Moen and loses puck.
7:37 of 1st period - Icing by Sami Kapanen.
7:38 of 1st period - Chris Kelly wins face-off versus Dave Bolland in Sénateurs zone.
8:03 of 1st period - Todd Bertuzzi is hit by Vitali Yachmenev and loses puck.
9:03 of 1st period - Keith Ballard is hit by Zdeno Chara and loses puck.
9:53 of 1st period - Snap shot by Sami Kapanen.
9:53 of 1st period - Shot Misses the Net.
9:55 of 1st period - Slapshot by Jay McKee.
9:55 of 1st period - Deflect By Ray Whitney.
9:55 of 1st period - Stopped by Evgeni Nabokov without a rebound.
9:56 of 1st period - Chris Kelly wins face-off versus Jeff Carter in Bruins zone.
9:57 of 1st period - Wrist shot by Sami Kapanen.
9:57 of 1st period - Shot Hit the Post.
10:26 of 1st period - Sami Salo is hit by Daniel Briere and loses puck.
10:40 of 1st period - Minor Penalty to Andrew Alberts for Cross-checking.
10:41 of 1st period - Daymond Langkow wins face-off versus Eric Lindros in Bruins zone.
11:12 of 1st period - Wojtek Wolski is hit by Nikita Alexeev and loses puck.
11:31 of 1st period - Daymond Langkow is hit by Daniel Briere and loses puck.
12:40 of 1st period - Penalty to Andrew Alberts is over, Andrew Alberts is back on ice.
12:42 of 1st period - Icing by Sami Salo.
12:43 of 1st period - Vernon Fiddler wins face-off versus Éric Perrin in Sénateurs zone.
13:11 of 1st period - Snap shot by Paul Gaustad.
13:11 of 1st period - Shot Misses the Net.
13:33 of 1st period - Slapshot by Eric Lindros.
13:33 of 1st period - Stopped by Jonas Hiller with a rebound.
13:45 of 1st period - Chris Kelly is hit by Dave Bolland and loses puck.
14:08 of 1st period - Slapshot by Andy McDonald.
14:08 of 1st period - Stopped by Evgeni Nabokov without a rebound.
14:09 of 1st period - Paul Gaustad wins face-off versus Jeff Carter in Bruins zone.
14:12 of 1st period - Snap shot by Paul Gaustad.
14:12 of 1st period - Stopped by Evgeni Nabokov with a rebound.
14:18 of 1st period - Snap shot by Paul Gaustad.
14:18 of 1st period - Shot Misses the Net.
14:19 of 1st period - Minor Penalty to Nikita Alexeev for Holding.
14:20 of 1st period - Todd Bertuzzi wins face-off versus Eric Lindros in Sénateurs zone.
14:54 of 1st period - Wrist shot by Scott Hartnell.
14:54 of 1st period - Stopped by Jonas Hiller without a rebound.
14:55 of 1st period - Paul Gaustad wins face-off versus Jeff Carter in Sénateurs zone.
15:00 of 1st period - Slapshot by Sami Salo.
15:00 of 1st period - Stopped by Evgeni Nabokov with a rebound.
16:19 of 1st period - Penalty to Nikita Alexeev is over, Nikita Alexeev is back on ice.
16:39 of 1st period - Snap shot by Sami Kapanen.
16:39 of 1st period - Stopped by Evgeni Nabokov with a rebound.
18:27 of 1st period - Snap shot by Vernon Fiddler.
18:27 of 1st period - Stopped by Evgeni Nabokov with a rebound.
18:29 of 1st period - Slapshot by Dan Girardi.
18:29 of 1st period - Shot Blocked by Mark Stuart.
18:31 of 1st period - Slapshot by Dan Girardi.
18:31 of 1st period - Shot Blocked by Richard Lintner.
18:33 of 1st period - Slapshot by Dan Girardi.
18:33 of 1st period - Shot Blocked by Richard Lintner.
18:40 of 1st period - Icing by Richard Lintner.
18:41 of 1st period - Dave Bolland wins face-off versus Paul Gaustad in Bruins zone.
18:41 of 1st period - Dave Bolland is hit by Sean Avery.
18:47 of 1st period - Backhand shot by Martin Erat.
18:47 of 1st period - Shot Misses the Net.
18:55 of 1st period - Slapshot by Dave Bolland.
18:55 of 1st period - Stopped by Jonas Hiller without a rebound.
18:56 of 1st period - Daymond Langkow wins face-off versus Eric Lindros in Sénateurs zone.
18:56 of 1st period - Daymond Langkow is hit by Wojtek Wolski.
19:03 of 1st period - Snap shot by Daymond Langkow.
19:03 of 1st period - Stopped by Evgeni Nabokov without a rebound.
19:04 of 1st period - Daymond Langkow wins face-off versus Eric Lindros in Bruins zone.
19:05 of 1st period - Snap shot by Andy McDonald.
19:05 of 1st period - Shot Misses the Net.
19:14 of 1st period - Minor Penalty to Eric Lindros for Hooking.
19:15 of 1st period - Daymond Langkow wins face-off versus Martin Erat in Bruins zone.
19:16 of 1st period - Snap shot by Andy McDonald.
19:16 of 1st period - Stopped by Evgeni Nabokov with a rebound.
19:18 of 1st period - Wrist shot by Todd Bertuzzi.
19:18 of 1st period - Shot Misses the Net.
19:20 of 1st period - Snap shot by Daymond Langkow.
19:20 of 1st period - Shot Misses the Net.
19:49 of 1st period - Dave Bolland is hit by Ray Whitney and loses puck.
2nd period
0:01 of 2nd period - Martin Erat wins face-off versus Daymond Langkow in neutral zone.
0:04 of 2nd period - Slapshot by Andrew Alberts.
0:04 of 2nd period - Stopped by Jonas Hiller with a rebound.
0:27 of 2nd period - Jay McKee is hit by Wojtek Wolski and loses puck.
1:14 of 2nd period - Penalty to Eric Lindros is over, Eric Lindros is back on ice.
1:14 of 2nd period - Paul Gaustad is hit by Eric Lindros.
1:28 of 2nd period - Wrist shot by Vernon Fiddler.
1:28 of 2nd period - Shot Blocked by Ryan O'Byrne.
1:36 of 2nd period - Snap shot by Scott Hartnell.
1:36 of 2nd period - Stopped by Jonas Hiller with a rebound.
4:07 of 2nd period - Minor Penalty to Scott Hartnell for Tripping.
4:07 of 2nd period - Minor Penalty to Daymond Langkow for Holding.
4:08 of 2nd period - Eric Lindros wins face-off versus Todd Bertuzzi in Sénateurs zone.
5:17 of 2nd period - Snap shot by Michal Grosek.
5:17 of 2nd period - Shot Blocked by Andy McDonald.
5:35 of 2nd period - Michal Grosek is hit by Vitaly Vishnevsky and loses puck.
5:51 of 2nd period - Icing by Zdeno Chara.
5:52 of 2nd period - Daniel Briere wins face-off versus Sami Kapanen in Bruins zone.
6:07 of 2nd period - Penalty to Scott Hartnell is over, Scott Hartnell is back on ice.
6:07 of 2nd period - Penalty to Daymond Langkow is over, Daymond Langkow is back on ice.
6:19 of 2nd period - Snap shot by Wojtek Wolski.
6:19 of 2nd period - Stopped by Jonas Hiller without a rebound.
6:20 of 2nd period - Jeff Carter wins face-off versus Paul Gaustad in Sénateurs zone.
6:24 of 2nd period - Icing by Richard Jackman.
6:25 of 2nd period - Paul Gaustad wins face-off versus Victor Oreskovich in Sénateurs zone.
6:35 of 2nd period - Wrist shot by Ryan O'Byrne.
6:35 of 2nd period - Stopped by Jonas Hiller with a rebound.
6:53 of 2nd period - Snap shot by Eric Lindros.
6:53 of 2nd period - Deflect By Daniel Briere.
6:53 of 2nd period - Stopped by Jonas Hiller with a rebound.
6:55 of 2nd period - Slapshot by Daniel Briere.
6:55 of 2nd period - Shot Blocked by Sami Salo.
6:57 of 2nd period - Snap shot by Daniel Briere.
6:57 of 2nd period - Shot Misses the Net.
6:59 of 2nd period - Slapshot by Wojtek Wolski.
6:59 of 2nd period - Shot Misses the Net.
7:56 of 2nd period - Wrist shot by Victor Oreskovich.
7:56 of 2nd period - Shot Blocked by Sami Salo.
8:06 of 2nd period - Slapshot by Sami Salo.
8:06 of 2nd period - Deflect By Andy McDonald.
8:06 of 2nd period - Shot Blocked by Richard Lintner.
8:06 of 2nd period - Puck is out of play.
8:07 of 2nd period - Eric Lindros wins face-off versus Daymond Langkow in Bruins zone.
8:07 of 2nd period - Eric Lindros is hit by Todd Bertuzzi.
8:13 of 2nd period - Daymond Langkow is hit by Eric Lindros and loses puck.
9:12 of 2nd period - Snap shot by Daymond Langkow.
9:12 of 2nd period - Shot Blocked by Zdeno Chara.
9:14 of 2nd period - Snap shot by Andy McDonald.
9:14 of 2nd period - Shot Blocked by Zdeno Chara.
9:16 of 2nd period - Snap shot by Daymond Langkow.
9:16 of 2nd period - Stopped by Evgeni Nabokov with a rebound.
9:18 of 2nd period - Snap shot by Dan Girardi.
9:18 of 2nd period - Stopped by Evgeni Nabokov with a rebound.
9:20 of 2nd period - Slapshot by Todd Bertuzzi.
9:20 of 2nd period - Shot Misses the Net.
9:38 of 2nd period - Snap shot by Scott Hartnell.
9:38 of 2nd period - Shot Misses the Net.
10:35 of 2nd period - Slapshot by Éric Perrin.
10:35 of 2nd period - Goal by Éric Perrin - Sénateurs : 0 - Bruins : 2.
10:36 of 2nd period - Eric Lindros wins face-off versus Daymond Langkow in neutral zone.
10:51 of 2nd period - Daniel Briere is hit by Daymond Langkow.
11:01 of 2nd period - Richard Jackman is hit by Victor Oreskovich and loses puck.
11:15 of 2nd period - Minor Penalty to Paul Gaustad for High sticking.
11:16 of 2nd period - Todd Bertuzzi wins face-off versus Eric Lindros in Sénateurs zone.
11:29 of 2nd period - Slapshot by Andrew Alberts.
11:29 of 2nd period - Goal by Andrew Alberts - Sénateurs : 0 - Bruins : 3.
11:30 of 2nd period - Eric Lindros wins face-off versus Todd Bertuzzi in neutral zone.
11:40 of 2nd period - Minor Penalty to Eric Lindros for Hooking.
11:41 of 2nd period - Daymond Langkow wins face-off versus Martin Erat in Bruins zone.
11:56 of 2nd period - Snap shot by Todd Bertuzzi.
11:56 of 2nd period - Shot Misses the Net.
13:40 of 2nd period - Penalty to Eric Lindros is over, Eric Lindros is back on ice.
13:51 of 2nd period - Slapshot by Travis Moen.
13:51 of 2nd period - Shot Blocked by Mark Stuart.
14:18 of 2nd period - Dan Girardi is hit by Vitali Yachmenev and loses puck.
15:12 of 2nd period - Minor Penalty to Andy McDonald for Tripping.
15:13 of 2nd period - Eric Lindros wins face-off versus Todd Bertuzzi in Sénateurs zone.
15:28 of 2nd period - Slapshot by Andrew Alberts.
15:28 of 2nd period - Stopped by Jonas Hiller with a rebound.
15:30 of 2nd period - Slapshot by Andrew Alberts.
15:30 of 2nd period - Stopped by Jonas Hiller with a rebound.
17:11 of 2nd period - Icing by Ryan O'Byrne.
17:12 of 2nd period - Penalty to Andy McDonald is over, Andy McDonald is back on ice.
17:12 of 2nd period - Paul Gaustad wins face-off versus Eric Lindros in Bruins zone.
17:13 of 2nd period - Snap shot by Nikita Alexeev.
17:13 of 2nd period - Stopped by Evgeni Nabokov without a rebound.
17:14 of 2nd period - Éric Perrin wins face-off versus Paul Gaustad in Bruins zone.
17:14 of 2nd period - Éric Perrin is hit by Sean Avery.
17:39 of 2nd period - Minor Penalty to Jeff Carter for Tripping.
17:40 of 2nd period - Daymond Langkow wins face-off versus Eric Lindros in Bruins zone.
18:10 of 2nd period - Snap shot by Paul Gaustad.
18:10 of 2nd period - Shot Misses the Net.
18:36 of 2nd period - Sami Salo is hit by Scott Hartnell and loses puck.
19:19 of 2nd period - Vitaly Vishnevsky is hit by Zdeno Chara and loses puck.
19:39 of 2nd period - Penalty to Jeff Carter is over, Jeff Carter is back on ice.
19:55 of 2nd period - Slapshot by Sami Salo.
19:55 of 2nd period - Stopped by Evgeni Nabokov without a rebound.
19:56 of 2nd period - Éric Perrin wins face-off versus Vernon Fiddler in Bruins zone.
3rd period
0:01 of 3rd period - Daymond Langkow wins face-off versus Eric Lindros in neutral zone.
0:16 of 3rd period - Wrist shot by Andy McDonald.
0:16 of 3rd period - Stopped by Evgeni Nabokov without a rebound.
0:17 of 3rd period - Paul Gaustad wins face-off versus Jeff Carter in Bruins zone.
0:20 of 3rd period - Snap shot by Paul Gaustad.
0:20 of 3rd period - Shot Misses the Net.
0:30 of 3rd period - Snap shot by Victor Oreskovich.
0:30 of 3rd period - Stopped by Jonas Hiller with a rebound.
0:32 of 3rd period - Wrist shot by Jeff Carter.
0:32 of 3rd period - Deflect By Scott Hartnell.
0:32 of 3rd period - Shot Misses the Net.
0:32 of 3rd period - Puck is out of play.
0:33 of 3rd period - Eric Lindros wins face-off versus Daymond Langkow in Sénateurs zone.
0:46 of 3rd period - Wrist shot by Daymond Langkow.
0:46 of 3rd period - Shot Misses the Net.
0:48 of 3rd period - Slapshot by Jay McKee.
0:48 of 3rd period - Goal by Jay McKee - Sénateurs : 1 - Bruins : 3.
0:49 of 3rd period - Daymond Langkow wins face-off versus Eric Lindros in neutral zone.
1:20 of 3rd period - Minor Penalty to Richard Jackman for Interference.
1:21 of 3rd period - Eric Lindros wins face-off versus Todd Bertuzzi in Sénateurs zone.
1:22 of 3rd period - Slapshot by Daniel Briere.
1:22 of 3rd period - Deflect By Wojtek Wolski.
1:22 of 3rd period - Shot Misses the Net.
1:22 of 3rd period - Puck is out of play.
1:23 of 3rd period - Todd Bertuzzi wins face-off versus Eric Lindros in Sénateurs zone.
1:28 of 3rd period - Snap shot by Eric Lindros.
1:28 of 3rd period - Shot Misses the Net.
1:30 of 3rd period - Slapshot by Daniel Briere.
1:30 of 3rd period - Stopped by Jonas Hiller without a rebound.
1:31 of 3rd period - Daniel Briere wins face-off versus Todd Bertuzzi in Sénateurs zone.
1:36 of 3rd period - Snap shot by Daniel Briere.
1:36 of 3rd period - Shot Blocked by Daymond Langkow.
1:38 of 3rd period - Snap shot by Zdeno Chara.
1:38 of 3rd period - Shot Misses the Net.
1:40 of 3rd period - Snap shot by Zdeno Chara.
1:40 of 3rd period - Stopped by Jonas Hiller with a rebound.
1:48 of 3rd period - Wrist shot by Daniel Briere.
1:48 of 3rd period - Goal by Daniel Briere - Sénateurs : 1 - Bruins : 4.
1:49 of 3rd period - Eric Lindros wins face-off versus Daymond Langkow in neutral zone.
2:10 of 3rd period - Daniel Briere is hit by Daymond Langkow and loses puck.
2:29 of 3rd period - Slapshot by Andrew Alberts.
2:29 of 3rd period - Stopped by Jonas Hiller with a rebound.
3:11 of 3rd period - Slapshot by Eric Lindros.
3:11 of 3rd period - Goal by Eric Lindros - Sénateurs : 1 - Bruins : 5.
3:12 of 3rd period - Daymond Langkow wins face-off versus Eric Lindros in neutral zone.
4:05 of 3rd period - Éric Perrin is hit by Richard Jackman and loses puck.
4:44 of 3rd period - Minor Penalty to Vitaly Vishnevsky for Hooking.
4:45 of 3rd period - Eric Lindros wins face-off versus Todd Bertuzzi in Sénateurs zone.
4:46 of 3rd period - Backhand shot by Wojtek Wolski.
4:46 of 3rd period - Stopped by Jonas Hiller with a rebound.
4:58 of 3rd period - Snap shot by Wojtek Wolski.
4:58 of 3rd period - Shot Blocked by Jay McKee.
5:00 of 3rd period - Wrist shot by Daniel Briere.
5:00 of 3rd period - Shot Blocked by Dan Girardi.
5:02 of 3rd period - Slapshot by Christoph Schubert.
5:02 of 3rd period - Stopped by Jonas Hiller with a rebound.
6:44 of 3rd period - Penalty to Vitaly Vishnevsky is over, Vitaly Vishnevsky is back on ice.
7:29 of 3rd period - Paul Gaustad is hit by Scott Hartnell and loses puck.
7:37 of 3rd period - Icing by Sami Salo.
7:38 of 3rd period - Éric Perrin wins face-off versus Paul Gaustad in Sénateurs zone.
8:12 of 3rd period - Wrist shot by Martin Erat.
8:12 of 3rd period - Deflect By Eric Lindros.
8:12 of 3rd period - Stopped by Jonas Hiller with a rebound.
8:14 of 3rd period - Snap shot by Martin Erat.
8:14 of 3rd period - Shot Misses the Net.
8:30 of 3rd period - Slapshot by Nikita Alexeev.
8:30 of 3rd period - Shot Misses the Net.
8:33 of 3rd period - Icing by Richard Lintner.
8:34 of 3rd period - Daymond Langkow wins face-off versus Éric Perrin in Bruins zone.
8:43 of 3rd period - Snap shot by Todd Bertuzzi.
8:43 of 3rd period - Shot Misses the Net.
8:47 of 3rd period - Slapshot by Daymond Langkow.
8:47 of 3rd period - Goal by Daymond Langkow - Sénateurs : 2 - Bruins : 5.
8:48 of 3rd period - Daymond Langkow wins face-off versus Eric Lindros in neutral zone.
8:50 of 3rd period - Off-side.
8:51 of 3rd period - Eric Lindros wins face-off versus Daymond Langkow in neutral zone.
9:02 of 3rd period - Snap shot by Wojtek Wolski.
9:02 of 3rd period - Shot Misses the Net.
9:04 of 3rd period - Slapshot by Andrew Alberts.
9:04 of 3rd period - Deflect By Andy McDonald.
9:04 of 3rd period - Stopped by Jonas Hiller without a rebound.
9:05 of 3rd period - Daymond Langkow wins face-off versus Wojtek Wolski in Sénateurs zone.
10:29 of 3rd period - Snap shot by Travis Moen.
10:29 of 3rd period - Stopped by Evgeni Nabokov with a rebound.
10:31 of 3rd period - Wrist shot by Dan Hinote.
10:31 of 3rd period - Shot Misses the Net.
10:33 of 3rd period - Slapshot by Dan Girardi.
10:33 of 3rd period - Shot Blocked by Ryan O'Byrne.
10:35 of 3rd period - Wrist shot by Vernon Fiddler.
10:35 of 3rd period - Stopped by Evgeni Nabokov without a rebound.
10:36 of 3rd period - Eric Lindros wins face-off versus Daymond Langkow in Bruins zone.
10:41 of 3rd period - Wrist shot by Daniel Briere.
10:41 of 3rd period - Shot Misses the Net.
10:43 of 3rd period - Snap shot by Wojtek Wolski.
10:43 of 3rd period - Shot Misses the Net.
10:47 of 3rd period - Snap shot by Daniel Briere.
10:47 of 3rd period - Stopped by Jonas Hiller without a rebound.
10:48 of 3rd period - Daymond Langkow wins face-off versus Eric Lindros in Sénateurs zone.
11:03 of 3rd period - Wrist shot by Eric Lindros.
11:03 of 3rd period - Deflect By Daniel Briere.
11:03 of 3rd period - Shot Misses the Net.
11:03 of 3rd period - Puck is out of play.
11:04 of 3rd period - Jeff Carter wins face-off versus Paul Gaustad in Sénateurs zone.
11:17 of 3rd period - Wrist shot by Nikita Alexeev.
11:17 of 3rd period - Stopped by Evgeni Nabokov without a rebound.
11:18 of 3rd period - Daymond Langkow wins face-off versus Eric Lindros in Bruins zone.
11:19 of 3rd period - Slapshot by Andy McDonald.
11:19 of 3rd period - Shot Blocked by Daniel Briere.
11:21 of 3rd period - Wrist shot by Todd Bertuzzi.
11:21 of 3rd period - Stopped by Evgeni Nabokov with a rebound.
11:23 of 3rd period - Snap shot by Daymond Langkow.
11:23 of 3rd period - Sénateurs goal is going for a video replay.
11:23 of 3rd period - The goal is good.
11:23 of 3rd period - Goal by Daymond Langkow - Sénateurs : 3 - Bruins : 5.
11:24 of 3rd period - Eric Lindros wins face-off versus Andy McDonald in neutral zone.
11:24 of 3rd period - Minor Penalty to Eric Lindros for High sticking.
11:24 of 3rd period - Minor Penalty to Daymond Langkow for Hooking.
11:25 of 3rd period - Todd Bertuzzi wins face-off versus Vitali Yachmenev in neutral zone.
12:56 of 3rd period - Vitaly Vishnevsky is hit by Dave Bolland.
13:06 of 3rd period - Jay McKee is hit by Vitali Yachmenev and loses puck.
13:17 of 3rd period - Todd Bertuzzi is hit by Ryan O'Byrne.
13:24 of 3rd period - Penalty to Eric Lindros is over, Eric Lindros is back on ice.
13:24 of 3rd period - Penalty to Daymond Langkow is over, Daymond Langkow is back on ice.
13:26 of 3rd period - Icing by Eric Lindros.
13:27 of 3rd period - Paul Gaustad wins face-off versus Jeff Carter in Bruins zone.
13:56 of 3rd period - Slapshot by Jeff Carter.
13:56 of 3rd period - Goal by Jeff Carter - Sénateurs : 3 - Bruins : 6.
13:57 of 3rd period - Eric Lindros wins face-off versus Daymond Langkow in neutral zone.
14:57 of 3rd period - Minor Penalty to Eric Lindros for High sticking.
14:58 of 3rd period - Daymond Langkow wins face-off versus Martin Erat in Bruins zone.
15:01 of 3rd period - Snap shot by Andy McDonald.
15:01 of 3rd period - Shot Blocked by Andrew Alberts.
15:03 of 3rd period - Snap shot by Andy McDonald.
15:03 of 3rd period - Shot Misses the Net.
15:05 of 3rd period - Snap shot by Daymond Langkow.
15:05 of 3rd period - Goal by Daymond Langkow - Sénateurs : 4 - Bruins : 6.
15:06 of 3rd period - Eric Lindros wins face-off versus Chris Kelly in neutral zone.
15:09 of 3rd period - Sami Kapanen is hit by Zdeno Chara and loses puck.
15:42 of 3rd period - Slapshot by Jay McKee.
15:42 of 3rd period - Shot Misses the Net.
16:32 of 3rd period - Snap shot by Sami Kapanen.
16:32 of 3rd period - Stopped by Evgeni Nabokov without a rebound.
16:33 of 3rd period - Jeff Carter wins face-off versus Chris Kelly in Bruins zone.
19:02 of 3rd period - Zdeno Chara is hit by Dan Hinote and loses puck.
19:29 of 3rd period - Wojtek Wolski is hit by Chris Kelly and loses puck.
19:36 of 3rd period - Snap shot by Chris Kelly.
19:36 of 3rd period - Stopped by Evgeni Nabokov with a rebound.
19:38 of 3rd period - Snap shot by Sami Kapanen.
19:38 of 3rd period - Shot Blocked by Ryan O'Byrne.
19:40 of 3rd period - Snap shot by Ray Whitney.
19:40 of 3rd period - Stopped by Evgeni Nabokov with a rebound.
19:42 of 3rd period - Snap shot by Chris Kelly.
19:42 of 3rd period - Shot Misses the Net.
Output by the SimonT Hockey Simulator (STHS) for François Prévost -- Original Page W3C XHTML 1.0 Valid